 Dungeon Crawl Stone Soup version 0.29.1-15-g9cfb28693d (webtiles) character file.

Game seed: 4323186323983472213

814 javelincjr the Trooper (level 8, -1/61 HPs)
             Began as a Djinni Conjurer on Mar 13, 2023.
             Was a Follower of Makhleb.
             Slain by Duvessa
             ... wielding a +0 short sword
              (6 damage)
             ... on level 5 of the Dungeon.
             The game lasted 00:12:38 (5307 turns).

javelincjr the Trooper (Djinni Conjurer)            Turns: 5307, Time: 00:12:38

Health: -1/61      AC: 14    Str:  8    XL:     8   Next: 15%
Gold:   174        EV: 14    Int: 19    God:    Makhleb [*.....] SH:  0 Dex: 13

rFire   + + .      SeeInvis .   q - +4 mace (protect)
rCold   x . .      Faith    .   (no shield)
rNeg    . . .      Spirit   .   s - +0 steam dragon scales
rPois   ∞          Reflect  .   (no helmet)
rElec   .          Harm     .   h - +1 cloak
rCorr   .          Rampage  .   (no gloves)
Will    .....                   (boots unavailable)
Stlth   ++........              (no amulet)
HPRegen 0.20/turn               (no ring)
MPRegen 0.00/turn               (no ring)

@: under a protective aura, flying, very slightly contaminated
A: sickness immunity, fire resistance 2, cold vulnerability 1, float, innate
caster, HP casting, extra vitality 1
a: Renounce Religion


You were on level 5 of the Dungeon.
You worshipped Makhleb.
Makhleb was aware of your devotion.
You visited 2 branches of the dungeon, and saw 6 of its levels.

You collected 174 gold pieces.

Inventory:

Hand Weapons
 b - a +5 hand axe
 k - a +2 whip of pain
 q - a +4 mace of protection (weapon)
Armour
 h - a +1 cloak (worn)
 s - +0 steam dragon scales (worn)
Wands
 a - a wand of digging (8)
 n - a wand of charming (3)
Scrolls
 e - a scroll of immolation
 f - 2 scrolls of enchant armour
 i - a scroll of teleportation
 p - a scroll of fear
Potions
 c - 2 potions of curing
 d - 2 potions of lignification {unknown}
 l - a potion of ambrosia {unknown}
 o - 2 potions of magic {unknown}
 r - a potion of attraction {unknown}
 t - a potion of flight {unknown}


   Skills:
 * Level 5.9 Fighting
 + Level 5.1 Dodging
 - Level 1.6 Stealth
 + Level 4.6 Spellcasting


You couldn't memorise any spells.
You knew the following spells:

 Your Spells              Type           Power      Damage    Failure   Level
a - Magic Dart            Conj           84%        1d7       1%          1
b - Searing Ray           Conj           42%        2d6       3%          2
c - Dazzling Flash        Conj/Hex       42%        N/A       6%          3
d - Fulminant Prism       Conj/Hex       10%        3d9       19%         4
e - Iskenderun's Mystic   Conj/Tloc      21%        2d6       19%         4
f - Freeze                Ice            84%        1d10      1%          1
g - Scorch                Fire           42%        2d7       3%          2
h - Wereblood             Tmut           21%        N/A       3%          2
Your spell library was empty.

Dungeon Overview and Level Annotations

Branches:
Dungeon (5/15)             Temple (1/1) D:4

Altars:
Cheibriados
Dithmenos
Gozag
Makhleb
Nemelex Xobeh
Okawaru
Uskayaw
Wu Jian
Yredelemnul
Zin

Annotations:
D:5 Duvessa


Innate Abilities, Weirdness & Mutations

You are immune to sickness and miasma.
You are immune to poison.
Your flesh is very heat resistant. (rF++)
You are vulnerable to cold. (rC-)
You float through the air rather than walking.
You learn spells naturally, not from books.
Your magical power is your life essence.
You have superior vitality. (+4 MHP)


Message History

You kill the gnoll!
Makhleb accepts your kill.
The mystic blast hits the gnoll!
The gnoll is heavily wounded.
The gnoll is knocked back by the mystic blast.
The mystic blast hits Duvessa.
Duvessa is heavily wounded.
Duvessa is knocked back by the mystic blast.
Duvessa collides with the gnoll!
The gnoll is severely wounded.
Duvessa is heavily wounded.
An orc comes into view. It is wielding a +0 falchion.
You hit Duvessa.
Your weapon exudes an aura of protection.
Duvessa is heavily wounded.
Duvessa hits you with a +0 short sword!
* * * LOW HITPOINT WARNING * * *
Duvessa closely misses you.
An orc wizard comes into view. It is wielding a +0 dagger.
You hit Duvessa.
Duvessa is severely wounded.
You are no longer locked in place.
Duvessa hits you with a +0 short sword!
* * * LOW HITPOINT WARNING * * *
Duvessa barely misses you. The gnoll hits you but does no damage.
It was a potion of curing.
You feel better. Duvessa misses you. The gnoll hits you with a +0 whip.
* * * LOW HITPOINT WARNING * * *
Duvessa hits you with a +0 short sword!
* * * LOW HITPOINT WARNING * * *
You feel better. Duvessa hits you but does no damage.
The gnoll barely misses you.
Unknown command.
Casting: Iskenderun's Mystic Blast (dangerous; 19% risk of failure)
Confirm with . or Enter, or press ? or * to list all spells.
You miscast Iskenderun's Mystic Blast.
Nothing appears to happen.
* * * LOW HITPOINT WARNING * * *
Duvessa barely misses you. The gnoll completely misses you.
Duvessa hits you with a +0 short sword.
You die...

### #..
# ###
..
#.#....
##
.#.#.
.. ...
#.#.#
#..@#
#.ge#
#.))#
#).).
##.o#
#.o#
#..#
#[.#


You could see Duvessa (berserk), an orc wizard, a gnoll and an orc.

Vanquished Creatures
  A steam dragon (D:4)
  A scorpion (D:4)
  Dowan (D:5)
  4 wights (D:4)
  A jelly (D:4)
  A hound (D:4)
  3 iron imps (D:3)
  Jessica (D:2)
  Terence (D:3)
  An iguana (D:4)
  3 gnolls (D:5)
  3 adders
  2 worms
  An orc (D:5)
  6 ball pythons
  3 bats
  10 endoplasms
  13 giant cockroaches
  4 hobgoblins
  6 jackals
  7 kobolds
  6 quokkas
  2 frilled lizards (D:3)
  10 goblins
  4 rats
95 creatures vanquished.

Vanquished Creatures (others)
  3 fulminant prisms
3 creatures vanquished.

Grand Total: 98 creatures vanquished

Notes
Turn   | Place    | Note
-------+----------+-------------------------------------------
     0 | D:1      | javelincjr the Djinni Conjurer began the quest for the Orb.
     0 | D:1      | javelincjr set off with the following spells memorised:
                  | Magic Dart, Searing Ray, Dazzling Flash, Fulminant Prism,
                  | Iskenderun's Mystic Blast.
     0 | D:1      | Reached XP level 1. HP: 15/15 MP: 0/0
   257 | D:1      | Reached XP level 2. HP: 15/22 MP: 0/0
   456 | D:1      | Reached skill level 1 in Fighting
   773 | D:1      | Reached XP level 3. HP: 24/27 MP: 0/0
   773 | D:1      | Learned a level 1 spell: Freeze
  1596 | D:2      | Reached XP level 4. HP: 21/33 MP: 0/0
  1828 | D:2      | Found a faded altar of an unknown god.
  1971 | D:2      | Noticed Jessica
  1983 | D:2      | Killed Jessica
  2621 | D:3      | Reached XP level 5. HP: 38/39 MP: 0/0
  2621 | D:3      | Learned a level 2 spell: Scorch
  2681 | D:3      | Noticed Terence
  2685 | D:3      | Killed Terence
  2872 | D:3      | Found a hide-covered altar of Uskayaw.
  3000 | D:3      | Found a burning altar of Makhleb.
  3046 | D:3      | Reached XP level 6. HP: 24/46 MP: 0/0
  3051 | D:3      | Became a worshipper of Makhleb the Destroyer
  3375 | D:3      | Found an iron altar of Okawaru.
  4073 | D:4      | Reached * piety under Makhleb
  4074 | D:4      | Reached XP level 7. HP: 12/53 MP: 0/0
  4074 | D:4      | Learned a level 2 spell: Wereblood
  4102 | D:4      | Noticed a steam dragon
  4386 | D:4      | Reached skill level 5 in Fighting
  4589 | D:4      | Killed a steam dragon
  4590 | D:4      | Reached XP level 8. HP: 30/60 MP: 0/0
  4838 | D:4      | Found a staircase to the Ecumenical Temple.
  4842 | Temple   | Entered the Ecumenical Temple
  4842 | Temple   | Found a transporter.
  4842 | Temple   | Found a transporter.
  4844 | Temple   | Found a transporter.
  4844 | Temple   | Found a transporter.
  5296 | D:5      | Entered Level 5 of the Dungeon
  5296 | D:5      | Noticed Duvessa
  5296 | D:5      | Noticed Dowan
  5299 | D:5      | Reached skill level 5 in Dodging
  5299 | D:5      | Killed Dowan
  5305 | D:5      | HP: 1/61 [Duvessa/+0 short sword (9)]
  5307 | D:5      | Slain by Duvessa

Illustrated notes

Levels and vault maps discovered:
D:1:      dpeg_arrival_connections, layout_basic
D:2:      layout_basic, nicolae_ecumenical_oubliette, minivault_19,
          minmay_octomino_c4, uniq_jessica
D:3:      minmay_roachtagon, layout_basic, old_standard_altar,
          kennysheep_okawaru_gauntlet, demons_altar, serial_rivers,
          chequers_serial_rivers_micro_d, chequers_serial_rivers_micro_c,
          chequers_serial_rivers_marsh, chequers_serial_rivers_large_b,
          chequers_serial_rivers_room_a, chequers_serial_rivers_micro_b,
          uniq_terence
D:4:      layout_basic, minmay_temple_entry_glassed_door
D:5:      layout_loops_ring, mainiacjoe_overflow_alcove_1,
          nicolae_ossuary_entry_ruins, grunt_decor_mini_mirrors, uniq_duvessa
Temple:   hellmonk_temple_divided_pantheon

Skill      XL: |  1  2  3  4  5  6  7  8 |
---------------+-------------------------+-----
Fighting       | 1 2 3 4 5 |  5.9
Dodging        | 3 4 5 |  5.1
Spellcasting   | 4 |  4.6
Stealth        | |  1.6

Action                   |  1- 3 |  4- 6 |  7- 9 || total
-------------------------+-------+-------+-------++-------
Melee: Whip              |       |     1 |       ||     1
       Mace              |       |     1 |     2 ||     3
 Cast: Magic Dart        |    63 |    66 |    15 ||   144
       Searing Ray       |     2 |    13 |    10 ||    25
       Scorch            |       |     4 |     3 ||     7
       Fulminant Prism   |       |     2 |     1 ||     3
       Iskenderun's Myst |       |       |     4 ||     4
  Use: Potion            |       |     1 |     2 ||     3
       Scroll            |       |       |     6 ||     6
 Stab: Sleeping          |       |     1 |       ||     1
Armor: Robe              |     1 |     1 |     1 ||     3
       Steam dragon scal |       |       |     2 ||     2
Dodge: Dodged            |       |    12 |    18 ||    30
